 Dungeon Crawl Stone Soup version 0.15-a0-1537-ge1f089e (webtiles) character file.

75852 Zifmia the Destroyer (level 15, -16/112 HPs)
             Began as a Demonspawn Conjurer on June 16, 2014.
             Was a High Priest of Vehumet.
             Killed from afar by a fire dragon (39 damage)
             ... with a blast of flame
             ... on Level 14 of the Dungeon.
             The game lasted 02:23:10 (22805 turns).

Zifmia the Destroyer (Demonspawn Conjurer)         Turns: 22805, Time: 02:23:10

HP -16/112       AC 15     Str  9      XL: 15   Next: 10%
MP   0/35        EV 11     Int 23      God: Vehumet [*****.]
Gold 767         SH  4     Dex 13      Spells: 11 memorised,  2 levels left

rFire  . . .     SeeInvis +     W - staff of conjuration {!a}
rCold  + . .     Clarity  .     S - +2 robe {rC+}
rNeg   . . .     rCorr    .     J - +0 buckler
rPois  .         rRot     .     v - +2 helmet
rElec  .         Spirit   +     n - +0 cloak
SustAb .         Warding  .     (gloves unavailable)
rMut   +         Stasis   .     (no boots)
Gourm  .                        a - amulet of resist mutation
MR     +....                    k - ring of see invisible
                                Z - ring of regeneration

@: somewhat resistant to hostile enchantments, unstealthy
A: claws 3, talons 1, rough black scales 2, clever 1, sense surroundings 1,
powered by death 1, magic shield, magic regeneration, magic link
a: Renounce Religion


You were on level 14 of the Dungeon.
You worshipped Vehumet.
Vehumet was extremely pleased with you.
You were not hungry.

You visited 5 branches of the dungeon, and saw 25 of its levels.

You collected 1677 gold pieces.
You spent 910 gold pieces at shops.


Innate Abilities, Weirdness & Mutations

You have claws for hands.
You are mostly covered in rough black scales (AC +7, Dex -2).
You can steal the life force of nearby defeated enemies.
When hurt, damage is shared between your health and your magic reserves.
You regenerate magic rapidly.
When low on magic, you restore magic in place of health.
You have sharp toenails.
Your mind is acute. (Int +2)
You passively map a small area around you.


   Skills:
 + Level 8.8 Fighting
 - Level 1.7 Dodging
 - Level 1.7 Stealth
 * Level 2.4 Shields
 + Level 13.4 Spellcasting
 + Level 17.3 Conjurations
 - Level 7.2 Charms
 - Level 6.2 Earth Magic
 - Level 3.1 Evocations


You had 2 spell levels left.
You knew the following spells:

 Your Spells              Type           Power        Failure   Level  Hunger
a - Magic Dart            Conj           ####         0%          1    None
b - Searing Ray           Conj           ######       0%          2    None
c - Dazzling Spray        Conj/Hex       ######..     1%          3    None
d - Iskenderun's Battles  Conj/Chrm      #######.     1%          5    ##.....
e - Iskenderun's Mystic   Conj           #######.     1%          4    None
f - Fulminant Prism       Conj/Hex       ######....   1%          4    None
g - Static Discharge      Conj/Air       ######..     1%          3    None
h - Repel Missiles        Chrm/Air       ####..       1%          2    None
l - Iron Shot             Conj/Erth      #######...   1%          6    #####..
s - Orb of Destruction    Conj           #######...   1%          7    ######.
P - Summon Butterflies    Summ           ###.....     4%          1    None


Dungeon Overview and Level Annotations

Branches:
Dungeon (14/15)            Temple (1/1) D:5             Orc (0/4) D:9
   Lair (8/8) D:8           Swamp (1/5) Lair:6       Spider (1/5) Lair:6
  Slime (0/6) Lair:8       Vaults (0/5) D:14

Altars:
Ashenzari
Cheibriados
Dithmenos
Elyvilon
Fedhas
Gozag
Kikubaaqudgha
Makhleb
Nemelex Xobeh
Okawaru
Qazlal
Sif Muna
Trog
Vehumet
Xom
Yredelemnul
Zin
The Shining One

Shops:
D:6 %((   D:10 =(

Inventory:

Hand weapons
 s - a +1 blowgun
 F - the +0 Staff of Olgreb {rPois}
   (You found it on level 9 of the Dungeon)

   It protects you from poison.
Missiles
 d - 8 curare-tipped needles
Armour
 n - a +0 cloak (worn)
 v - a +2 helmet (worn)
 J - a +0 buckler (worn)
 S - a +2 robe of cold resistance (worn)
   (You took it off Fannar on level 1 of the Lair of Beasts)
Magical devices
 q - a wand of polymorph (8)
 R - a wand of disintegration (15)
Comestibles
 b - 9 bread rations
 j - 5 meat rations
 C - a royal jelly
 E - 5 rotting chunks of centaur flesh {@w1}
 G - a beef jerky
Scrolls
 f - a scroll of enchant armour
 h - 4 scrolls of fog
 i - 2 scrolls of identify {@r9}
 o - 3 scrolls of remove curse {@r8}
 u - 2 scrolls of blinking
 H - 2 scrolls of amnesia
 L - a scroll of enchant weapon
Jewellery
 a - an amulet of resist mutation (around neck)
 k - a ring of see invisible (right claw)
 x - an uncursed ring of protection from fire
 y - an uncursed ring of fire
 K - an uncursed ring of protection from cold
 X - an uncursed ring of positive energy
 Z - a ring of regeneration (left claw)
Potions
 g - 6 potions of curing {@q1}
 l - a potion of berserk rage
 p - 4 potions of invisibility
 r - a potion of cure mutation
 t - 4 potions of flight
 w - a potion of haste {@q3}
 D - a potion of magic
 N - 2 potions of heal wounds {@q2}
 P - 2 potions of resistance
Books
 c - a book of Conjurations
 z - a book of Fire
 B - a book of Control
Magical staves
 I - an uncursed staff of fire {!a}
 W - an uncursed staff of conjuration (weapon) {!a}
Miscellaneous
 e - a lamp of fire
 A - a crystal ball of energy

, #........[.. ,...... ,
...#........# ..... ,
..#.........# * ,....
.....#.......# . ...
....#.........## #..
...............###....
...................... ,
,...........(......=....
..D.....@###............. ,
.........# #...)......... ,
........###.............
.........................
.........................
.........................
..........................
*#.........................
##...............)........


You could see a fire dragon.


Message History

The barrage of energy hits the raven.
You kill the raven!
Vehumet accepts your kill.
You feel your power returning.
Your battlesphere expends the last of its energy and dissipates.
A raven comes into view.
Casting: Iskenderun's Mystic Blast
Aiming: Iskenderun's Mystic Blast
Aim: a raven (hasn't noticed you)
You feel a surge of power!
The orb of energy misses the raven.
Unknown command.
Casting: Iskenderun's Mystic Blast
Okay, then.
Evoke which item? (* to show all) (? for menu, Esc to quit)
Zapping:
q - a wand of polymorph {zapped: 1}
Aim: a raven The raven evaporates and reforms as a shapeshifter!
Casting: Iskenderun's Mystic Blast
Okay, then.
You feel less regenerative.
You are feeling very hungry.
The shapeshifter changes into a yak!
Eat which item? (? for menu, Esc to quit)
You finish eating.
That royal jelly was delicious!
Casting: Iskenderun's Mystic Blast
Aiming: Iskenderun's Mystic Blast
Aim: a yak shaped shifter You feel a surge of power!
The orb of energy hits the yak.
The yak is heavily wounded.
The orb of energy explodes!
The yak gores you!
* * * LOW HITPOINT WARNING * * *
Casting: Iskenderun's Mystic Blast
Aiming: Iskenderun's Mystic Blast
Aim: a yak shaped shifter (heavily wounded)
You feel a surge of power!
The orb of energy hits the yak.
You kill the yak!
Vehumet accepts your kill.
You feel your power returning.
Unknown command.
You start resting.
A fire dragon comes into view.
Casting: Iskenderun's Mystic Blast
Aiming: Iskenderun's Mystic Blast
Aim: a fire dragon (hasn't noticed you)
You feel a surge of power!
The orb of energy hits the fire dragon.
The fire dragon is moderately wounded.
Casting: Iskenderun's Mystic Blast
Aiming: Iskenderun's Mystic Blast
Aim: a fire dragon (moderately wounded)
You feel a surge of power!
The orb of energy hits the fire dragon.
The fire dragon is heavily wounded.
The orb of energy explodes!
Unknown command.
Casting: Iskenderun's Mystic Blast
Aiming: Iskenderun's Mystic Blast
Aim: a fire dragon (heavily wounded)
You feel a surge of power!
The orb of energy misses the fire dragon.
The fire dragon breathes flames at you. The blast of flame hits you!
* * * LOW HITPOINT WARNING * * *
Unknown command.
Casting: Iskenderun's Mystic Blast
Aiming: Iskenderun's Mystic Blast
Aim: a fire dragon (heavily wounded, catching its breath)
You feel a surge of power!
The orb of energy hits the fire dragon.
The fire dragon is severely wounded.
The fire dragon breathes flames at you. The blast of flame hits you!
You die...

Action                   |  1- 3 |  4- 6 |  7- 9 | 10-12 | 13-15 || total
-------------------------+-------+-------+-------+-------+-------++-------
Melee: Unarmed           |     7 |       |       |       |       ||     7
       Short sword       |    14 |     8 |     1 |       |       ||    23
       Dagger            |       |       |    20 |     2 |       ||    22
       Quarterstaff      |       |       |       |    65 |       ||    65
       Staff             |       |       |       |     8 |    52 ||    60
 Cast: Magic Dart        |    77 |   127 |   246 |   436 |   235 ||  1121
       Searing Ray       |       |    10 |    31 |    83 |    19 ||   143
       Iskenderun's Batt |       |       |     8 |    48 |    44 ||   100
       Iskenderun's Myst |       |       |     1 |    49 |   488 ||   538
       Repel Missiles    |       |       |       |     1 |       ||     1
       Iron Shot         |       |       |       |     8 |     6 ||    14
       Summon Butterflie |       |       |       |       |    11 ||    11
       Dazzling Spray    |       |       |       |       |     5 ||     5
       Conjure Ball Ligh |       |       |       |       |     2 ||     2
       Fulminant Prism   |       |       |       |       |     4 ||     4
       Orb of Destructio |       |       |       |       |     2 ||     2
Evoke: Wand              |       |       |     1 |     3 |     3 ||     7
       Lamp of fire      |       |       |       |       |     1 ||     1
       Staff of Olgreb   |       |       |       |       |     5 ||     5
  Use: Scroll            |       |    13 |    13 |    11 |    17 ||    54
       Potion            |       |       |     7 |     4 |     6 ||    17

Vault maps used:
D:1:      roderic_octagonal_star
D:2:      nicolae_qazlal_general_emergency, gammafunk_temple_overflow_claw,
          nrook_loot_triangle, grunt_decor_resistance, st_stairs_7
D:3:      first_bread, kennysheep_minor_cross
D:4:      lemuel_doored_altar, uniq_prince_ribbit1
D:5:      black_bear_nest_2, minmay_temple_entry_statues_fountains
D:6:      serial_shops, nicolae_shop_crystal, kennysheep_little_box, shop
D:7:      the_bakery
D:8:      minmay_lair_entry_lava, minmay_misc_feat_room
D:9:      overflow_temple_1_default, orc_0_dummy, grunt_decor_cap, worms_lemuel
D:10:     serial_shops, shop, shop_fountains
D:11:     uniq_urug
D:13:     tso_altar
D:14:     erik_vaults_2, minmay_misc_feat_pillars
Temple:   circular_temple_12
Lair:1:   uniq_fannar
Lair:2:   beast_lair_carwin_8
Lair:3:   swamp_mist_pool, beast_lair_carwin_9
Lair:4:   basic_altar, minivault_11, hibernation_bobbens
Lair:5:   kilobyte_rumbling_trees, uniq_snorg
Lair:6:   boulder_dual_corridor_run, minmay_swamp_entry_swarm,
          nicolae_spider_entry_non_spiders, infiniplex_staircase_pool
Lair:7:   st_stairs_5, grunt_forest_large_clearing_hut
Lair:8:   evilmike_catoblepas_cave, minmay_slime_entry_pillars, uniq_nergalle,
          uniq_harold
Swamp:1:  hangedman_swamp_blocks
Spider:1: uniq_azrael

Notes
Turn   | Place    | Note
--------------------------------------------------------------
     0 | D:1      | Zifmia, the Demonspawn Conjurer, began the quest for the Orb.
     0 | D:1      | Reached XP level 1. HP: 13/13 MP: 3/3
   273 | D:1      | Gained mutation: When hurt, damage is shared between your health and your magic reserves. [demonic ancestry]
   273 | D:1      | Reached XP level 2. HP: 19/19 MP: 1/5
  1098 | D:1      | Gained mutation: You regenerate magic rapidly. [demonic ancestry]
  1098 | D:1      | Reached XP level 3. HP: 24/24 MP: 2/6
  1543 | D:2      | Reached skill level 3 in Spellcasting
  1568 | D:2      | Learned a level 2 spell: Searing Ray
  1572 | D:2      | Learned a level 3 spell: Dazzling Spray
  1586 | D:2      | Gained mutation: You can steal the life force of nearby defeated enemies. [demonic ancestry]
  1586 | D:2      | Reached XP level 4. HP: 21/30 MP: 2/9
  1706 | D:2      | Reached skill level 5 in Conjurations
  1995 | D:2      | Found an opulent altar of Gozag.
  1995 | D:2      | Found a deep blue altar of Sif Muna.
  1996 | D:2      | Found a radiant altar of Vehumet.
  2004 | D:2      | Became a worshipper of Vehumet
  2081 | D:2      | Gained mutation: When low on magic, you restore magic in place of health. [demonic ancestry]
  2081 | D:2      | Reached XP level 5. HP: 35/35 MP: 6/11
  2083 | D:2      | Found a stormy altar of Qazlal.
  2443 | D:3      | Noticed a centaur
  2480 | D:3      | Killed a centaur
  2480 | D:3      | Reached skill level 4 in Spellcasting
  2480 | D:3      | Gained mutation: You are partially covered in rough black scales (AC +4, Dex -1). [demonic ancestry]
  2480 | D:3      | Reached XP level 6. HP: 16/41 MP: 2/15
  2487 | D:3      | Learned a level 5 spell: Iskenderun's Battlesphere
  2719 | D:3      | Acquired Vehumet's first power
  2719 | D:3      | Offered knowledge of Sting by Vehumet.
  2752 | D:3      | Reached skill level 6 in Conjurations
  2883 | D:3      | Reached skill level 1 in Charms
  2900 | D:3      | HP: 10/41 [orc priest/divine providence (12)]
  3142 | D:4      | Reached skill level 2 in Charms
  3256 | D:4      | Noticed Prince Ribbit
  3267 | D:4      | Killed Prince Ribbit
  3267 | D:4      | Reached skill level 7 in Conjurations
  3267 | D:4      | Reached skill level 3 in Charms
  3267 | D:4      | Reached XP level 7. HP: 46/46 MP: 7/17
  3297 | D:4      | Found a shimmering altar of Xom.
  3667 | D:5      | Entered Level 5 of the Dungeon
  3947 | D:5      | Found a staircase to the Ecumenical Temple.
  3955 | Temple   | Entered the Ecumenical Temple
  4159 | D:5      | Reached skill level 4 in Charms
  4284 | D:5      | Reached XP level 8. HP: 52/52 MP: 18/18
  4290 | D:5      | Learned a level 4 spell: Iskenderun's Mystic Blast
  4376 | D:5      | Offered knowledge of Sandblast by Vehumet.
  4542 | D:6      | Reached skill level 8 in Conjurations
  4765 | D:6      | Found Mahip's Food Boutique.
  4801 | D:6      | Found Nytagrun's Antique Weapon Shop.
  4835 | D:6      | Reached skill level 5 in Charms
  4857 | D:6      | Found Othej's Antique Weapon Emporium.
  5070 | D:6      | Offered knowledge of Stone Arrow by Vehumet.
  5371 | D:7      | Reached skill level 9 in Conjurations
  5387 | D:7      | Noticed Crauler's ghost (experienced DrTm)
  5563 | D:7      | Reached skill level 6 in Charms
  5680 | D:7      | Acquired Vehumet's second power
  5687 | D:7      | Gained mutation: You have sharp fingernails. [demonic ancestry]
  5687 | D:7      | Reached XP level 9. HP: 49/57 MP: 11/20
  5700 | D:7      | HP: 13/57 [Crauler's ghost (16)]
  5702 | D:7      | HP: 1/57 [Crauler's ghost/blast of negative energy (13)]
  5711 | D:7      | HP: 1/57 [Crauler's ghost/blast of negative energy (17)]
  5722 | D:7      | HP: 7/57 [Crauler's ghost/blast of negative energy (8)]
  5738 | D:7      | HP: 2/57 [spriggan baker/dagger (6)]
  5777 | D:7      | HP: 6/57 [Crauler's ghost/blast of negative energy (5)]
  5778 | D:7      | Killed Crauler's ghost
  5778 | D:7      | Reached skill level 7 in Charms
  5990 | D:7      | Reached skill level 10 in Conjurations
  6116 | D:7      | Reached skill level 5 in Spellcasting
  6399 | D:8      | Noticed a cyclops
  6411 | D:8      | Killed a cyclops
  6411 | D:8      | Reached skill level 6 in Spellcasting
  6636 | D:8      | Reached XP level 10. HP: 63/63 MP: 22/24
  6667 | D:8      | Offered knowledge of Olgreb's Toxic Radiance by Vehumet.
  6782 | D:8      | Noticed a fire drake
  6789 | D:8      | Killed a fire drake
  6789 | D:8      | Reached skill level 11 in Conjurations
  6790 | D:8      | Found a staircase to the Lair.
  7361 | D:8      | Learned a level 4 spell: Fulminant Prism
  7478 | Lair:1   | Entered Level 1 of the Lair of Beasts
  7518 | Lair:1   | Reached skill level 7 in Spellcasting
  7537 | Lair:1   | Acquired Vehumet's third power
  7607 | Lair:1   | Noticed Sar's ghost (experienced NaAr)
  7620 | Lair:1   | Killed Sar's ghost
  7804 | Lair:1   | Offered knowledge of Static Discharge by Vehumet.
  7822 | Lair:1   | Learned a level 3 spell: Static Discharge
  7859 | Lair:1   | Noticed Fannar
  7871 | Lair:1   | Killed Fannar
  7871 | Lair:1   | Reached skill level 8 in Spellcasting
  7871 | Lair:1   | Reached skill level 12 in Conjurations
  7894 | Lair:1   | Noticed a seven-headed hydra
  8079 | Lair:1   | Killed a seven-headed hydra
  8079 | Lair:1   | Reached XP level 11. HP: 68/68 MP: 16/28
  8151 | Lair:1   | Learned a level 2 spell: Repel Missiles
  8883 | Lair:2   | Reached skill level 9 in Spellcasting
  9209 | Lair:2   | Reached skill level 13 in Conjurations
  9448 | Lair:3   | Offered knowledge of Iron Shot by Vehumet.
  9822 | Lair:3   | Found a staircase to the Swamp.
  9834 | Lair:3   | HP: 16/68 [shark (12)]
 10102 | Lair:3   | the staircase to the Swamp was a mimic.
 10106 | Lair:3   | Reached skill level 10 in Spellcasting
 10410 | Lair:3   | Noticed a four-headed hydra
 10414 | Lair:3   | Killed a four-headed hydra
 10729 | Lair:3   | Noticed a catoblepas
 10735 | Lair:3   | Killed a catoblepas
 10735 | Lair:3   | Reached skill level 14 in Conjurations
 10735 | Lair:3   | Gained mutation: You have very sharp fingernails. [demonic ancestry]
 10735 | Lair:3   | Reached XP level 12. HP: 70/74 MP: 14/31
 10861 | Lair:3   | Noticed a five-headed hydra
 10864 | Lair:3   | Killed a five-headed hydra
 11022 | Lair:4   | You fall through a shaft!
 11068 | Lair:5   | Noticed Snorg
 11078 | Lair:5   | Killed Snorg
 11078 | Lair:5   | Reached skill level 11 in Spellcasting
 11107 | Lair:5   | Learned a level 6 spell: Iron Shot
 11315 | Lair:4   | Found a burning altar of Makhleb.
 11388 | Lair:4   | Gained mutation: Your mind is acute. (Int +2) [potion of beneficial mutation]
 11389 | Lair:4   | Gained mutation: You passively map a small area around you. [potion of beneficial mutation]
 11390 | Lair:4   | Gained mutation: You have sharp toenails. [potion of beneficial mutation]
 12697 | Lair:5   | Offered knowledge of Conjure Ball Lightning by Vehumet.
 13510 | Lair:6   | Reached skill level 15 in Conjurations
 13784 | Lair:6   | Reached skill level 12 in Spellcasting
 14037 | Lair:6   | Found a staircase to the Swamp.
 14070 | Swamp:1  | Entered Level 1 of the Swamp
 14190 | Lair:6   | Gained mutation: You have claws for hands. [demonic ancestry]
 14190 | Lair:6   | Reached XP level 13. HP: 28/79 MP: 5/33
 14825 | Lair:6   | Found a hole to the Spider Nest.
 14836 | Spider:1 | Entered Level 1 of the Spider Nest
 14869 | Spider:1 | Learned a level 6 spell: Conjure Ball Lightning
 15732 | Lair:7   | Reached skill level 1 in Fighting
 15836 | Lair:7   | Reached skill level 13 in Spellcasting
 15876 | Lair:7   | Offered knowledge of Poison Arrow by Vehumet.
 15878 | Lair:7   | Reached skill level 2 in Fighting
 15987 | Lair:7   | Reached skill level 16 in Conjurations
 15990 | Lair:7   | Reached skill level 1 in Earth Magic
 16007 | Lair:7   | Reached skill level 3 in Fighting
 16138 | Lair:7   | Reached skill level 2 in Earth Magic
 16266 | Lair:7   | Reached skill level 4 in Fighting
 16351 | Lair:7   | Learned a level 1 spell: Summon Butterflies
 16377 | Lair:8   | Entered Level 8 of the Lair of Beasts
 16383 | Lair:8   | Reached skill level 3 in Earth Magic
 16384 | Lair:8   | Noticed Nergalle
 16640 | Lair:8   | Reached skill level 5 in Fighting
 16680 | Lair:8   | Found a staircase to the Slime Pits.
 16778 | Lair:8   | Offered knowledge of Freezing Cloud by Vehumet.
 16805 | Lair:8   | Reached skill level 4 in Earth Magic
 16813 | Lair:8   | Noticed Harold
 16829 | Lair:8   | HP: 21/92 [Harold/halberd (6)]
 16831 | Lair:8   | Killed Harold
 16831 | Lair:8   | Reached XP level 14. HP: 15/98 MP: 5/34
 16834 | Lair:8   | HP: 20/98 [death yak (20)]
 17160 | Lair:8   | Killed Nergalle
 17249 | Lair:8   | Reached skill level 6 in Fighting
 17409 | Lair:8   | Reached skill level 5 in Earth Magic
 17825 | Lair:8   | Reached skill level 7 in Fighting
 18110 | Lair:8   | Got a shimmering cloak
 18114 | Lair:8   | Identified the +4 cloak of Ennui {Int-3 Slay+2} (You found it on level 8 of the Lair of Beasts)
 18486 | D:9      | Reached skill level 6 in Earth Magic
 19010 | D:9      | Found a burning altar of Makhleb.
 19540 | D:9      | Found a staircase to the Orcish Mines.
 19580 | D:10     | Entered Level 10 of the Dungeon
 19580 | D:10     | Found Uriakif's Antique Weapon Shoppe.
 19670 | D:10     | Reached skill level 17 in Conjurations
 19688 | D:10     | Offered knowledge of Orb of Destruction by Vehumet.
 19865 | Lair:3   | Learned a level 7 spell: Orb of Destruction
 20118 | D:10     | Found Uklol's Jewellery Shoppe.
 20131 | D:10     | Bought an uncursed ring of regeneration for 390 gold pieces
 20131 | D:10     | Bought an uncursed amulet of resist mutation for 520 gold pieces
 20561 | D:10     | Reached skill level 1 in Evocations
 20745 | D:11     | Noticed Urug
 20749 | D:11     | Killed Urug
 20879 | D:11     | Reached skill level 2 in Evocations
 20930 | D:11     | Reached skill level 8 in Fighting
 21432 | D:12     | Offered knowledge of Spellforged Servitor by Vehumet.
 21988 | D:13     | Found a glowing golden altar of the Shining One.
 22381 | D:13     | Reached skill level 3 in Evocations
 22544 | D:14     | Reached skill level 1 in Shields
 22612 | D:14     | Found a gate to the Vaults.
 22617 | D:14     | Gained mutation: You are mostly covered in rough black scales (AC +7, Dex -2). [demonic ancestry]
 22617 | D:14     | Reached XP level 15. HP: 112/112 MP: 20/35
 22621 | D:14     | Reached skill level 2 in Shields
 22804 | D:14     | HP: 23/112 [fire dragon/blast of flame (31)]
 22805 | D:14     | Killed from afar by a fire dragon

Vanquished Creatures
  Snorg (Lair:5)
  5 vault guards (D:14)
  Fannar (Lair:1)
  6 hydras
  Harold (Lair:8)
  24 death yaks
  A centaur warrior (D:14)
  Urug (D:11)
  Nergalle (Lair:8)
  The ghost of Crauler the Insei, an experienced DrTm of Ashenzari (D:7)
  4 catoblepae
  2 unseen horrors
  A lindwurm (Lair:7)
  2 hill giants
  A griffon (Lair:7)
  A manticore (D:12)
  2 cyclopes
  The ghost of Sar the Fighter, an experienced NaAr of Makhleb (Lair:1)
  6 elephants (Lair:7)
  4 black mambas
  9 spiny frogs
  2 feature mimics
  A tengu conjurer (D:14)
  2 gargoyles
  A demonic crawler (Lair:6)
  A wandering mushroom (Lair:7)
  2 fire drakes
  5 komodo dragons
  A spriggan druid (Lair:5)
  A polar bear (Lair:3)
  4 brown oozes (Lair:8)
  Prince Ribbit (D:4)
  4 trolls
  2 ravens (D:14)
  6 blink frogs
  A basilisk (shapeshifter) (D:9)
  2 boulder beetles (Lair:6)
  2 basilisks
  A shadow (D:12)
  A yak (shapeshifter) (D:14)
  A trapdoor spider (D:14)
  A hill giant zombie (D:9)
  2 spriggans
  2 wyverns (D:13)
  6 ugly things (D:13)
  36 yaks
  3 sharks
  A deep elf mage (D:10)
  3 steam dragons
  4 hungry ghosts
  7 hippogriffs
  8 vampire mosquitoes (Lair:6)
  21 wolves
  9 swamp worms (D:9)
  7 orc warriors
  5 sky beasts
  16 water moccasins
  13 porcupines
  A black bear (D:5)
  2 phantoms
  A black bear (shapeshifter) (D:13)
  3 ice beasts
  5 ogres
  12 centaurs
  A fulminant prism (D:11)
  A big kobold (D:11)
  A brain worm (D:13)
  A boring beetle (shapeshifter) (D:13)
  13 crocodiles
  28 giant frogs
  A wyvern zombie (D:6)
  A cyclops skeleton (D:11)
  3 scorpions
  A hippogriff skeleton (D:7)
  A yak skeleton (D:10)
  6 killer bees (D:12)
  An electric eel (Lair:3)
  12 wights
  4 crimson imps
  6 goliath beetles
  A basilisk zombie (D:10)
  6 hounds
  3 quasits
  7 orc priests
  2 big fish (Lair:6)
  A yellow wasp zombie (D:8)
  5 jellies
  7 iguanas
  14 orc wizards
  A kobold skeleton (D:9)
  9 worker ants
  A brain worm zombie (D:13)
  An ogre zombie (D:10)
  42 sheep
  A mummy (D:12)
  An orc zombie (D:5)
  4 gnolls
  A worker ant zombie (D:11)
  4 giant mites
  55 green rats
  A shadow imp (D:6)
  35 adders
  12 worms
  An adder zombie (D:5)
  A gnoll zombie (D:7)
  3 orc skeletons
  6 giant geckos
  43 orcs
  15 bats
  11 goblins
  21 hobgoblins
  7 jackals
  23 kobolds
  15 quokkas
  A ball python (D:2)
  7 giant cockroaches
  6 giant newts
  3 giant spores
  A quokka skeleton (D:6)
  7 rats
  A rat zombie (D:6)
  6 ballistomycetes
  3 fungi
760 creatures vanquished.

Vanquished Creatures (collateral kills)
  A yak (Lair:8)
1 creature vanquished.

Vanquished Creatures (others)
  3 ball lightnings
  A fire elemental (Lair:8)
  3 fulminant prisms
  14 fungi
  11 plants
32 creatures vanquished.

Grand Total: 793 creatures vanquished
